Cogmind - Beta 13 @@@ ROGUE MODE // 2024.05.07 @ 05:35:49 Player: weezard Result: Destroyed by as-39159 with Assembled Maul Performance ------------- Evolutions (0) 0 Regions Visited (2) 400 Robots Destroyed (22) 110 Value Destroyed (524) 524 Prototype IDs (0) 0 Alien Tech Used (0) 0 Bonus (81) 81 TOTAL SCORE: 1115 Bonus ------- Follower Combat Kills 81 Cogmind --------- Core Integrity 0/250 Matter 285/300 Energy 100/100 System Corruption 0% Temperature Cool (0) Movement Core (350) Ox6 Location -10/Mines Parts ------- > --- POWER (1) -------- (None) > --- PROPULSION (2) --- (None) > --- UTILITY (2) ------ Large Storage Unit > --- WEAPON (2) ------- (None) > --- INVENTORY (15) --- Ion Engine Ion Engine Light Treads Light Treads Compact Wheel Heat Sink Improved Heat Sink Large Matter Pod (150) Light Armor Plating Small Laser Assault Rifle Light Assault Rifle Datajack Datajack Peak State ------------ > --- POWER ------------ Light Angular Momentum Engine > --- PROPULSION ------- Wheel Wheel > --- UTILITY ---------- Large Storage Unit Seismic Detector > --- WEAPON ----------- Beamcaster Assault Rifle > --- INVENTORY -------- Ion Engine Ion Engine Light Treads Light Treads Compact Wheel Heat Sink Improved Heat Sink Large Matter Pod Light Armor Plating Small Laser Light Assault Rifle Datajack Datajack Mining Claw [Rating: 16] Favorites ----------- Power Ion Engine Engine Ion Engine Propulsion Wheel Wheel Wheel Utility Large Storage Unit Device Seismic Detector Storage Large Storage Unit Processor Signal Interpreter Weapon Beam Cannon Energy Gun Beamcaster Energy Cannon Beam Cannon Ballistic Gun Assault Rifle Slashing Weapon Mining Claw Special Melee Weapon Datajack Build | -11 -10 -10 ------- Run | Yrd Mat Min Slots Evolved . | . . . Power . | . . . Propulsion . | . . . Utility . | . . . Weapon . | . . . Parts Attached 42 | 7 26 9 Power 4 | 1 2 1 Engine 4 | 1 2 1 Core . | . . . Reactor . | . . . Propulsion 7 | 2 5 . Treads . | . . . Leg . | . . . Wheel 7 | 2 5 . Hover . | . . . Flight . | . . . Utility 11 | 2 9 . Device 8 | 1 7 . Storage 2 | 1 1 . Processor 1 | . 1 . Hackware . | . . . Protection . | . . . Artifact . | . . . Weapon 20 | 2 10 8 Energy Gun 1 | . . 1 Energy Cannon 3 | . 3 . Ballistic Gun 7 | 2 2 3 Ballistic Cannon . | . . . Launcher . | . . . Special Weapon . | . . . Impact Weapon . | . . . Slashing Weapon 2 | . 1 1 Piercing Weapon . | . . . Special Melee Weapon 7 | . 4 3 Unidentified Prototypes . | . . . Parts Lost 8 | . 3 5 Power 1 | . . 1 Propulsion 4 | . 2 2 Utility 2 | . 1 1 Weapon 1 | . . 1 Highest Loss Streak 5 | . 2 5 To Critical Strikes . | . . . Average Slot Usage (%) 98 | . 98 98 Engine 13 | . 14 13 Wheel 27 | . 27 27 Device 13 | . 13 13 Storage 14 | . 14 14 Energy Cannon 12 | . 11 12 Ballistic Gun 8 | . 10 4 Special Melee Weapon 6 | . 5 9 Naked Turns . | . . . Heaviest Build 36 | 14 32 36 Greatest Support 26 | 26 26 20 Greatest Overweight (x) 3 | . 3 1 Average Overweight (x) . | . . 1 Largest Inventory Capacity 15 | 8 15 15 Average Capacity 14 | 7 14 15 Most Carried 14 | 6 14 14 Average Carried 10 | 3 10 13 Final Capacity 15 | 8 15 15 Final Carried 14 | 5 13 14 Class Distribution -------------------- 87% | Mutant 12% | Scavenger-Mutant Dominant Class ---------------- Mutant | -10/Materials Mutant | -10/Mines Resources | -11 -10 -10 ----------- Run | Yrd Mat Min Matter Collected 817 | 223 419 175 Remotely . | . . . Salvage Created 758 | 45 607 106 Parts 54 | 5 45 4 Haulers Intercepted 2 | . 2 . Recyclers Shooed 1 | 1 . . Parts Field Recycled . | . . . Retrieved Matter . | . . . Parts Self-Destructed . | . . . Prevented . | . . . Kills | -11 -10 -10 ------- Run | Yrd Mat Min Combat Hostiles Destroyed 14 | . 12 2 Guns 4 | . 3 1 Cannons 10 | . 9 1 Classes Destroyed 7 | 1 6 . Builder 1 | . 1 . Tunneler 2 | 2 . . Hauler 2 | . 2 . Operator 1 | . 1 . Watcher 2 | . 2 . Swarmer 3 | . 3 . Grunt 11 | . 9 2 Best Kill Streak 4 | 2 4 2 Combat Bots Only 3 | . 3 2 Max Kills in Single Turn 2 | 1 2 1 Gunslinging . | . . . Exploded . | . . . Melee . | . . . Uniques/NPCs Destroyed . | . . . Combat | -11 -10 -10 -------- Run | Yrd Mat Min Hostile Shots Fired 86 | . 63 23 Missed 23 | . 18 5 Damage Taken 896 | . 482 414 Core 250 | . 109 141 Absorbed by Shields . | . . . Core Remaining (%) 100 | 100 . . Volleys Fired 51 | 5 41 5 Largest 2 | 2 2 2 Hottest 120 | 40 120 80 Shots Fired 96 | 10 77 9 Gun 44 | 10 29 5 Cannon 52 | . 48 4 Launcher . | . . . Special . | . . . Kinetic 44 | 10 29 5 Thermal 52 | . 48 4 Explosive . | . . . Electromagnetic . | . . . Robot Hit Streak 8 | 2 8 7 Robot Miss Streak 5 | 3 5 1 Penetration Max . | . . . Secondary Targets . | . . . Shots Hit Robots 82 | 5 59 18 Core Hits 30 | 2 25 3 Critical Kills . | . . . Critical Parts Destroyed . | . . . Critical Strikes . | . . . Melee Attacks 36 | . 21 15 Impact . | . . . Slashing 7 | . 4 3 Piercing . | . . . Sneak Attacks 21 | . 11 10 Combat Hostiles . | . . . Follow-up Attacks . | . . . Damage Inflicted 826 | 48 671 107 Guns 304 | 48 220 36 Cannons 522 | . 451 71 Explosions . | . . . Melee . | . . . Ramming . | . . . Kinetic 304 | 48 220 36 Thermal 522 | . 451 71 Explosive . | . . . Electromagnetic . | . . . Impact . | . . . Slashing . | . . . Piercing . | . . . Highest Corruption . | . . . Average Corruption . | . . . Corruption Purged . | . . . Corruption Blocked . | . . . Overload Shots . | . . . Overflow Damage . | . . . Projectiles . | . . . Explosions . | . . . Melee . | . . . Knockbacks . | . . . Impact . | . . . Kinetic . | . . . Secondary . | . . . Self-Inflicted Damage . | . . . Shots . | . . . Rammed . | . . . Targets Rammed . | . . . Kicked . | . . . Crushed . | . . . Highest Temperature 430 | . 430 63 Average Temperature 133 | . 149 30 Received Heat Transfer 240 | . 192 48 Effects 2 | . 2 . Interference 1 | . 1 . Short Circuit 1 | . 1 . Siege Activations . | . . . Robots Corrupted . | . . . Combat Hostiles . | . . . Parts Fried . | . . . Impact Corruptions . | . . . Robots Melted . | . . . Combat Hostiles . | . . . Parts Melted 1 | . 1 . Heat Transferred 1110 | . 962 148 Parts Sabotaged . | . . . Parts Stolen . | . . . Parts Stripped . | . . . Power Chain Reactions . | . . . Alert | -11 -10 -10 ------- Run | Yrd Mat Min Peak Influence 195 | 10 195 158 Initial 29 | . 6 29 Average 69 | 3 77 62 Maximum Alert Level . | . . . Low Security (%) 100 | 100 100 100 Level 1 . | . . . Level 2 . | . . . Level 3 . | . . . Level 4 . | . . . Level 5 . | . . . High Security . | . . . Max Security . | . . . Squads Dispatched 2 | . 2 . Investigation 1 | . 1 . Extermination . | . . . Reinforcement 1 | . 1 . Assault . | . . . Garrison . | . . . Intercept . | . . . Searches Triggered . | . . . Construction Impeded . | . . . Haulers Reinforced . | . . . Active Scanning Responses . | . . . Cargo Convoy Interrupts . | . . . Stealth | -11 -10 -10 --------- Run | Yrd Mat Min Distress Signals . | . . . Communications Jammed . | . . . Distress Signals . | . . . Times Spotted 42 | . 23 19 Peak Tracking Total 10 | . 3 10 Tactical Retreats 2 | . 2 . Traps | -11 -10 -10 ------- Run | Yrd Mat Min Traps Triggered 2 | . 2 . Indirectly . | . . . Trap Hack Attempts . | . . . Triggered . | . . . Disarmed . | . . . Reprogrammed . | . . . Reused . | . . . Traps Extracted . | . . . Installed . | . . . Triggered . | . . . Machines | -11 -10 -10 ---------- Run | Yrd Mat Min Machines Disabled 1 | . . 1 Max in Single Turn . | . . . Machines Repaired . | . . . Machines Dismantled . | . . . Machines Sabotaged . | . . . Overloaded Fab Kills . | . . . Hacking | -11 -10 -10 --------- Run | Yrd Mat Min Machines Accessed 5 | . 5 . Terminals 4 | . 4 . Fabricators . | . . . Repair Stations . | . . . Recycling Units 1 | . 1 . Scanalyzers . | . . . Garrison Access . | . . . Total Hacks 19 | . 19 . Successful 8 | . 8 . Failed 11 | . 11 . Catastrophic 3 | . 3 . Database Lockouts . | . . . Manual 19 | . 19 . Terminals 17 | . 17 . Fabricators . | . . . Repair Stations . | . . . Recycling Units 2 | . 2 . Scanalyzers . | . . . Garrison Access . | . . . Terminal Hacks 6 | . 6 . Record 1 | . 1 . Part Schematic 1 | . 1 . Alert Level 1 | . 1 . Patrol Status 1 | . 1 . Transport Status 1 | . 1 . Hauler Manifests 1 | . 1 . Fabricator Hacks . | . . . Repair Station Hacks . | . . . Recycling Unit Hacks 2 | . 2 . Report Inventory 2 | . 2 . Scanalyzer . | . . . Garrison Access Hacks . | . . . Unauthorized Hacks . | . . . Terminals . | . . . Fabricators . | . . . Repair Stations . | . . . Recycling Units . | . . . Scanalyzers . | . . . Garrison Access . | . . . Data Cores Recovered . | . . . Used . | . . . Hacking Detections 4 | . 4 . Full Trace Events 1 | . 1 . Feedback Events . | . . . Feedback Blocked . | . . . Robot Schematics Acquired . | . . . Robots Built . | . . . Authchips . | . . . Time . | . . . Total Robot Build Rating . | . . . Part Schematics Acquired 1 | . 1 . Parts Built . | . . . Authchips . | . . . Time . | . . . Total Part Build Rating . | . . . Parts Repaired . | . . . Time . | . . . Parts Recycled . | . . . Recycled Matter . | . . . Retrieved Matter . | . . . Retrieved Components . | . . . Parts Scanalyzed . | . . . Part Schematics Acquired . | . . . Parts Damaged . | . . . Bothacking | -11 -10 -10 ------------ Run | Yrd Mat Min Used RIF Installer . | . . . Robots Hacked 12 | . 6 6 Non-combat 8 | . 6 2 Combat 4 | . . 4 Robot Hacks Applied 15 | . 8 7 parse_system 7 | . 3 4 no_distress 7 | . 4 3 find_recycling 1 | . 1 . Relay Couplers Released . | . . . Fabnet Peak Effective % . | . . . Robots Rewired . | . . . Allies Hacked . | . . . Hacks Repelled . | . . . Allies | -11 -10 -10 -------- Run | Yrd Mat Min Total Allies 3 | . . 3 Largest Group 3 | . . 3 Highest-Rated Group 73 | . . 73 Highest-Rated Ally 31 | . . 31 Total Orders . | . . . Ally Attacks 12 | . . 12 Total Damage 208 | . . 208 Kills 5 | . . 5 Allies Corrupted . | . . . Allies Melted . | . . . Intel | -11 -10 -10 ------- Run | Yrd Mat Min Robot Analysis Total . | . . . Derelict Logs Recovered 1 | . . 1 Drone Launches . | . . . Drone Recoveries . | . . . Exploration | -11 -10 -10 ------------- Run | Yrd Mat Min Turns Passed 1710 | 89 1134 487 Spaces Moved 1146 | 62 730 354 Core 1 | 1 . . Treads . | . . . Legs . | . . . Wheels 1145 | 61 730 354 Hover . | . . . Flight . | . . . Fastest Speed 50 | 50 90 95 Average Speed 97 | 89 99 95 Slowest Speed 125 | 90 125 95 Overloaded Moves . | . . . Propulsion Burnouts . | . . . Robots Hopped . | . . . Cave-ins Triggered . | . . . Exploration Rate (%) 50 | 3 70 77 Regions Visited 2 Branch Regions 1 Pre-discovered Areas 1 | . . 1 Known Exits Taken 1 | . 1 . Unknown Exits Taken 1 | 1 . . Scrap Searched 1 | . . 1 Spaces Dug 1 | . 1 . Terrain Destroyed 1 | . 1 . Melee 1 | . 1 . Projectile . | . . . AOE . | . . . Terrain Rammed . | . . . Walls Destroyed . | . . . Machines Disabled . | . . . Actions | -11 -10 -10 --------- Run | Yrd Mat Min Total 1604 | 83 1039 482 Wait 297 | 4 196 97 Move 1144 | 61 729 354 Hop . | . . . Pick Up 24 | 6 17 1 Fast Attach 11 | 6 5 . Attach 6 | 1 4 1 Detach 1 | . 1 . Swap 25 | . 17 8 Drop 9 | . 8 1 Fire 51 | 5 41 5 Melee 36 | . 21 15 Ram . | . . . Kick . | . . . Crush . | . . . Escape Stasis . | . . . Rewire . | . . . Trap . | . . . Miscellaneous . | . . . Route ------- -11/Scrapyard -10/Materials (discovered 5 exits: [*Mat x3] / *Min / [*Sub]) -10/Mines (discovered 1 exit: [*Mat]) History --------- Turn | Location | Event 11 | -11/Scrapyard | Discovered new exit (range 14) 90 | -11/Scrapyard | Entered Materials 161 | -10/Materials | Discovered new exit (range 12) 289 | -10/Materials | Discovered new exit (range 8) 313 | -10/Materials | Build established: Mutant 505 | -10/Materials | Discovered new exit (range 14) 506 | -10/Materials | Discovered new exit (range 13) 896 | -10/Materials | Discovered new exit (range 7) 1222 | -10/Materials | Identified exit to Mines 1224 | -10/Materials | Entered Mines 1239 | -10/Mines | Received a Mining Laser from a helpful Derelict 1297 | -10/Mines | Learned location of Zion (-7) 1557 | -10/Mines | Discovered new exit (range 10) 1654 | -10/Mines | Core integrity fell below 50% 1687 | -10/Mines | Assembled infested the area 1692 | -10/Mines | Assisted by a Guerilla fighting off Assembled 1711 | -10/Mines | Destroyed by as-39159 with Assembled Maul Last Messages --------------- 01701_ as-99292 suffers critical hit (Destroy). 01701_ as-99292 destroyed. 01703_ K-01 Serf collects debris. 01703_ as-96851 destroyed. 01705_ as-46547 sneak attacks. 01705_ HV Slug penetrates Wall. 01706_ XZ-8IK(z) destroyed. 01707_ K-01 Serf collects debris. 01707_ HV Slug penetrates as-46107. 01707_ as-46107 suffers critical hit (Destroy). 01707_ as-46107 knocked back. 01708_ Wheel destroyed. 01708_ Lgt. Angular Momentum Engine destroyed. 01709_ Seismic Detector destroyed. 01709_ Beamcaster destroyed. 01709_ HV Slug penetrates as-46107. 01709_ as-46107 knocked back. 01710_ Wheel destroyed. 01710_ FV-T7T(h) destroyed. 01711_ Mining Claw severed. Map ----- +----------------------------------------------------+ | ??????????# ## #?????## ##????? | | ??????????# ## ####### ## ##?????? | | ??????????# ?# ### ####???? | | ?????????? ??# #?# ##??? | | ?????????? ???####### ## #?# ##?? | | ????????? ## ??????????###### #?# #?? | | ????????? #?## #???????????????# #?## #?? | | ????????? ???###????????????????# ##??## ##?? | | ??????????? ???????????????????????###????## #??? | | ???????????????????????????????????????????# #??? | | ????????????????????????????#####????????### ##?? | | ???????????????????????????## ##??????## ### | | ??????????????????????????## ##?????# | | ???????????????????????#### ###??## | | ??????????????????????## #### ### | | ??????????????????????# !k #?? | | ??????????????????????# =%= """ ##?? | | ??????????????????????## !% ### """ ##??? | | ???????????????????????## [=##?## """ ##???? | | ????????????????????????# !%#???# ###??? | | ????????????????????????# ##???# #??? | | ???????????????????????## ##????# #??? | | ???????????????????????# #?????# ##### #??? | | ???????????????????????# ##????## #???# #??? | | ???????????????????????#!/ ##????## ###### #### | | ???????????????????????#%@a #?????####?# * | | ????????????????????%aaaaaa% #?????????# """[ | | ?????????????????# a% a% #?????????# """%= | | ?????????????????####;##% = #?????????# """* | | ???????????????????# #?##% a ##?????????# | | ???????????????????##???##; ##??????????# < | | ??????????????????????????#;;#???????????# | | ??????????????????????????? ##???????????# | | ???????????????????????????##????????????# | | ?????????????????????????????????????????######### | | ?????????????????????????????????????????????????? | | ?????????????????????????????????????????????????? | | ?????????????????????????????????????????????????? | | ?????????????????????????????????????????????????? | | | | | | | | | | | | | | | | | | | | | | | +----------------------------------------------------+ Best States ------------- Heat Dissipation 39 Energy Generation 18 Energy Capacity 250 Matter Stores 300 Matter Capacity 300 Sight Range 16 Terrain Scan Density 10 Evasion (%) 42 Item Schematics ----------------- Datajack | -10/Materials | Hacked Robot Schematics ------------------ None Fabricated ------------ Nothing Alien Tech Used ----------------- None Achievements -------------- None Challenges ------------ None Game ------ Seed WaveTargetingSource Manual? 0 Play Time 00:40:45 Cumulative 22.7 hours Start 2024.05.07 @ 04:54:13 End 2024.05.07 @ 05:35:49 Sessions 1 Manual Loads 0 Difficulty Rogue Special Mode None Game No. 20 Rogue 20 Adventurer 0 Explorer 0 Win Type - Total 0 Types 0/0/0/0/0/0/0/0/0 Lore% 14 Gallery% 26 Achievement% 23 Wizard Run 0 Options --------- Layout 1 ASCII 0 Keyboard 0 Movement Numpad Keybinds 0 Fullscreen 2 Font 32/Cog Map View 77x35 Zoom Use 0% Tactical HUD 1 Map Filters NONE Filters NONE Steam 0 RUN: 1f40b6fd-4f0a-47c3-a895-59b631422f6b